 Dungeon Crawl Stone Soup version 0.32-a0-921-g04a7ad8e02 (webtiles) character file.

Game seed: 8055162411841960498

321 GabrielManson the Ruffian (level 6, -3/38 HPs)
             Began as an Octopode Shapeshifter on Apr 11, 2024.
             Slain by an orc wizard
             ... wielding a +1 dagger of electrocution
              (4 damage)
             ... on level 4 of the Dungeon on Apr 12, 2024.
             The game lasted 00:06:19 (3106 turns).

GabrielManson the Ruffian (Octopode Shapeshifter)   Turns: 3106, Time: 00:06:20

Health: -3/38      AC:  5    Str: 15    XL:     6   Next: 46%
Magic:  6/6        EV: 13    Int: 12    God:
Gold:   179        SH:  5    Dex: 12    Spells: 5/5 levels left

rFire   . .          .
                       - Unarmed
rCold   . . .        (no shield)
rNeg    . . .        (helmet currently unavailable)
rPois   .            e - amulet of reflection
rElec   .            h - +4 ring of slaying
rCorr   .            n - +4 ring of protection
SInv    .            (no ring)
Will    .....        (no ring)
Stlth   +++          (no ring)
HPRegen 0.26/turn    (no ring)
MPRegen 0.10/turn    (no ring)
                     (no ring)

%: reflection
@: beast-form
A: beast (slay +2), almost no armour, amphibious, 8 rings, camouflage 1,
gelatinous body 1, (nimble swimmer 1), tentacles
a: Begin Untransformation


You were on level 4 of the Dungeon.
You were a hulking beast.
You visited 1 branch of the dungeon, and saw 4 of its levels.

You collected 179 gold pieces.

Inventory:

Jewellery
 e - an amulet of reflection (around mantle)
 h - a +4 ring of slaying (left tentacle)
 n - a +4 ring of protection (right tentacle)
Talismans
 b - a beast talisman (active)
 c - a flux talisman
Wands
 l - a wand of digging (3)
Scrolls
 d - 3 scrolls of identify
 i - 3 scrolls of revelation
 j - a scroll of fear {unknown}
 m - a scroll of noise {unknown}
 o - 2 scrolls of enchant armour {unknown}
 p - 3 scrolls of immolation
 q - a scroll of teleportation {unknown}
Potions
 a - a potion of lignification
 f - 2 potions of haste
 g - 2 potions of might
 k - 2 potions of curing


   Skills:
 - Level 1.0 Fighting
 + Level 3.4 Dodging
 + Level 3.7 Stealth
 * Level 4.9 Unarmed Combat
 + Level 3.9 Shapeshifting


You had 5 spell levels left.
You didn't know any spells.
Your spell library contained the following spells:

 Spells                   Type           Power      Damage    Failure   Level
 Shock                    Conj/Air       0%         1d3       32%         1
 Cigotuvi's Dreadful Rot  Necr/Alch/Air  0%         N/A       45%         2
 Swiftness                Air            0%         N/A       69%         3
 Airstrike                Air            0%         2d(0-16)  97%         4
 Ignite Poison            Fire/Alch      0%         N/A       97%         4
 Freezing Cloud           Conj/Ice/Air   0%         6-21      100%        5


Dungeon Overview and Level Annotations

Branches:
Dungeon (4/15)
 Temple: D:4-7

Altars:


Innate Abilities, Weirdness & Mutations

You are a hulking beast.
Your limbs bulge with bestial killing power. (Slay +2)
You cannot wear most types of armour.
You are amphibious.
You can wear up to eight rings at the same time.
Your skin changes colour to match your surroundings (Stealth+).
Your rubbery body absorbs attacks. (AC +1, EV +1)
((You are camouflaged when in or above water. (Stealth+)))
You have tentacles for arms and can constrict up to eight enemies at once.


Message History

You tentacle-slap the gnoll. You grab the gnoll.
The gnoll is moderately wounded.
You constrict the gnoll. The gnoll closely misses you.
The gnoll bouda calls upon its god to heal the gnoll.
The gnoll is healed somewhat.
You tentacle-slap the gnoll. You squeeze the gnoll.
The gnoll is severely wounded.
You constrict the gnoll.
You kill the gnoll!
You tentacle-slap the gnoll bouda but do no damage.
You grab the gnoll bouda.
You tentacle-slap the gnoll bouda, but do no damage.
You constrict the gnoll bouda.
The orc wizard mumbles some strange words.
The orc wizard flickers and vanishes!
Deactivating autopickup; reactivate with Ctrl-A.
You tentacle-slap the gnoll bouda.
The gnoll bouda is moderately wounded.
You constrict the gnoll bouda. The gnoll bouda misses you.
You bludgeon the gnoll bouda! You squeeze the gnoll bouda.
You kill the gnoll bouda!
You closely miss the hobgoblin. You grab the hobgoblin.
You squeeze the hobgoblin.
The hobgoblin is almost dead.
You constrict the hobgoblin.
You kill the hobgoblin!
You barely miss the ribbon worm. You grab the ribbon worm.
You squeeze the ribbon worm!
The ribbon worm is severely wounded.
You constrict the ribbon worm. You bludgeon the ribbon worm!
You kill the ribbon worm!
You bludgeon something! Your squeeze misses something.
Something hits you but does no damage.
You miss something. Something hits you.
You are electrocuted!
You tentacle-slap something. Something hits you but does no damage.
You are electrocuted!!
* * * LOW HITPOINT WARNING * * *
You miss something. Something hits you.
You die...

##.....#....#### ..# ##
##....#.#### ##..# .. #.
#...)#...### #...#... ##
#....#.....## #...#... #.
#....#......###..... #.
##....#.###..##....# #.
#.....#.# #...#....# #.
##.....#..##...#g...####.
#.
#......#......h{B........
#.
#......###########.######
#. ##.......#..## ..[ #.
#....#...#...# #.... ##
#...##.......# .....# #
########....## ..####
###### .# ##


You could see a giant cockroach and a goblin.

Vanquished Creatures
  A phantom (D:4)
  2 hounds (D:4)
  A bombardier beetle (D:3)
  A gnoll bouda (D:4)
  A gnoll (D:4)
  5 adders
  A shadow imp (D:3)
  A dart slug (D:2)
  2 ribbon worms
  4 orcs
  2 bats
  6 endoplasms
  4 giant cockroaches
  4 goblins
  5 hobgoblins
  4 jackals (D:3)
  2 quokkas (D:3)
  4 ball pythons
  3 frilled lizards (D:2)
  4 kobolds
  A rat (D:1)
58 creatures vanquished.

Notes
Turn   | Place    | Note
-------+----------+-------------------------------------------
     0 | D:1      | GabrielManson the Octopode Shapeshifter began the quest for
                  | the Orb.
     0 | D:1      | Reached XP level 1. HP: 13/13 MP: 1/1
   299 | D:1      | Reached skill level 1 in Stealth
   299 | D:1      | Reached XP level 2. HP: 11/18 MP: 2/2
   407 | D:1      | Found a faded altar of an unknown god.
  1038 | D:2      | Reached XP level 3. HP: 18/23 MP: 3/3
  1756 | D:3      | Reached XP level 4. HP: 7/28 MP: 4/4
  2458 | D:3      | Reached skill level 4 in Unarmed Combat
  2681 | D:4      | Noticed a phantom
  2694 | D:4      | Killed a phantom
  2695 | D:4      | Reached XP level 5. HP: 32/33 MP: 5/5
  2869 | D:4      | Reached XP level 6. HP: 38/38 MP: 6/6
  3060 | D:4      | Upgraded the game from 0.32-a0-918-g0f22ef8d61 to
                  | 0.32-a0-921-g04a7ad8e02
  3105 | D:4      | HP: 1/38 [something (18)]
  3106 | D:4      | Slain by an orc wizard

Illustrated notes

Levels and vault maps discovered:
D:1:      roderic_dead_forest, layout_basic,
          shapermc_ecumenical_altar_starsandcircs, minmay_misc_feat_rows,
          kennysheep_another_room, hangedman_glass_teeth, minivault_5,
          grunt_decor_one_mirror
D:2:      layout_basic, serial_bayou, serial_bayou_pond_c, serial_bayou_shore_b,
          serial_bayou_lake_a, serial_bayou_pond_e
D:3:      layout_loops_corners, kennysheep_generic_room_16
D:4:      minmay_recursive_quarters, layout_cave_pools

Skill      XL: |  1  2  3  4 |
---------------+-------------+-----
Stealth        | 1 2 3 |  3.7
Unarmed Combat | 4 |  4.9
Dodging        | 3 |  3.4
Fighting       | |  1.0
Shapeshifting  | |  3.9

Action                     |  1- 3 |  4- 6 || total
---------------------------+-------+-------++-------
  Melee: Unarmed           |    41 |    53 ||    94
         Constrict         |    11 |    12 ||    23
         Tentacles         |     6 |    13 ||    19
         Punch             |       |     2 ||     2
    Use: Potion            |     4 |     2 ||     6
         Scroll            |     2 |     2 ||     4
   Stab: Sleeping          |     6 |     6 ||    12
 Armour: Skin              |    13 |    11 ||    24
  Dodge: Dodged            |    11 |    15 ||    26
  Block: Other             |     4 |     6 ||    10

Table legend: (Time is in decaauts)
 A = Elapsed time spent in this place.
 B = Non-inter-level travel time spent in this place.
 C = Inter-level travel time spent in this place.
 D = Time resting spent in this place.
 E = Time spent auto-exploring this place.
 F = Levels seen in this place.
 G = Mean time per level.
                   A        B        C        D        E       F      G
               +--------+--------+--------+--------+--------+-----+--------+
         Total |   3088 |   3032 |     56 |    110 |   2541 |   4 |  772.0 |
       Dungeon |   3088 |   3032 |     56 |    110 |   2541 |   4 |  772.0 |
               +--------+--------+--------+--------+--------+-----+--------+

Top non-repeatable levels by time:
     D:1: 1010 daAuts
     D:3: 958 daAuts
     D:2: 697 daAuts
     D:4: 422 daAuts
